 Dungeon Crawl Stone Soup version 0.29-a0-322-g68df515428 (webtiles) character file.

Game seed: 12020322743864847394

9 Leszczynek the Chopper (level 2, 5/22 HPs)
             Began as a Human Gladiator on Apr 9, 2022.
             Quit the game on level 2 of the Dungeon.
             The game lasted 00:00:35 (84 turns).

Leszczynek the Chopper (Human Gladiator)              Turns: 84, Time: 00:00:36

Health: 5/22       AC:  4    Str: 14    XL:     2   Next: 25%
Magic:  2/2        EV: 12    Int:  8    God:
Gold:   10         SH:  0    Dex: 14    Spells: 1/1 levels left

rFire   . . .      SeeInvis .   a - +0 war axe
rCold   . . .      Faith    .   (no shield)
rNeg    . . .      Spirit   .   b - +0 leather armour
rPois   .          Reflect  .   c - +0 helmet
rElec   .          Harm     .   (no cloak)
rCorr   .          Rampage  .   (no gloves)
Will    .....                   (no boots)
Stlth   +.........              (no amulet)
HPRegen 0.07/turn               (no ring)
MPRegen 0.08/turn               (no ring)

@: seriously poisoned (5 -> 1)
A: no striking features
a: no special abilities


You were on level 2 of the Dungeon.
You visited 1 branch of the dungeon, and saw 3 of its levels.

You collected 10 gold pieces.

Inventory:

Hand Weapons
 a - a +0 war axe (weapon)
Missiles
 e - a javelin (quivered)
Armour
 b - a +0 leather armour (worn)
 c - a +0 helmet (worn)


   Skills:
 * Level 2.3 Fighting
 * Level 3.2 Axes
 + Level 2.1 Throwing
 + Level 3.1 Dodging


You had one spell level left.
You didn't know any spells.
Your spell library was empty.

Dungeon Overview and Level Annotations

Branches:
Dungeon (3/15)

Altars:


Message History

As you open the door, it creaks loudly!
A ball python comes into view.
The ball python hisses angrily.
An adder comes into view.
The ball python barely misses you. The ball python closely misses you.
Found a stone staircase leading down.
You slash the ball python!
You kill the ball python!
There is an open door here.
You see here a ball python corpse.
You close the door, pushing everything out of the way.
There is a stone staircase leading down here.
You climb downwards.
The gnoll shouts! x3; You hear a shout!
There is a stone staircase leading up here.
Unknown command.
You climb upwards.
There is a stone staircase leading down here.
You open the door. The adder bites you.
You are poisoned.
The adder poisons you!
Throw: 3 throwing nets
Press: ? - help, Q - select action, (/) - cycle Shift-Dir - straight line, f - adder
Aim: an adder (42% to hit)
You throw a throwing net. The throwing net misses the adder.
You feel sick. The adder bites you.
Throw: 2 throwing nets
Press: ? - help, Q - select action, (/) - cycle Shift-Dir - straight line, f/p - adder
Aim: an adder (42% to hit)
You throw a throwing net.
The throwing net closely misses the adder.
You feel sick. The adder misses you.
Throw: throwing net
Press: ? - help, Q - select action, (/) - cycle Shift-Dir - straight line, f/p - adder
Aim: an adder (42% to hit)
You throw a throwing net.
The throwing net barely misses the adder.
* * * LOW HITPOINT WARNING * * *
You feel sick. The adder barely misses you.
Are you sure you want to abandon this character and quit the game? (Confirm with "yes".)

#.###....#.#
#........#.#
#####....#.#
#....<...#.#
#.##.......#
#..†....# ##
#....#### #<.
#...##.>#
#...#†..#.@.#
#..#...#S†###
.###.....###.#
....S........#
.......⌠......#
..............#
..###(....#####
.# +#...#'.#
#...#...#


You could see an adder.

Vanquished Creatures
  A dart slug (D:2)
  A ball python (D:2)
  4 jackals (D:2)
6 creatures vanquished.

Notes
Turn   | Place    | Note
-------+----------+-------------------------------------------
     0 | D:1      | Leszczynek the Human Gladiator began the quest for the Orb.
     0 | D:1      | Reached XP level 1. HP: 16/16 MP: 1/1
    43 | D:2      | Reached XP level 2. HP: 11/22 MP: 2/2
    84 | D:2      | Quit the game

Illustrated notes

Levels and vault maps discovered:
D:1:      dpeg_arrival_more_subterranean_lakeside_camping, layout_loops_cross,
          dreamdust_ecumenical_altar_hidden_monk_grotto
D:2:      minmay_recursive_quarters, layout_basic, grunt_ministairs_6,
          uniq_robin
D:3:      layout_loops_ring, uniq_sigmund

Action                   || total
-------------------------++-------
Melee: War axe           ||    11
       Punch             ||     1
Throw: Throwing net      ||     3
Armor: Leather armour    ||     4
Dodge: Dodged            ||    14

Table legend: (Time is in decaauts)
 A = Elapsed time spent in this place.
 B = Non-inter-level travel time spent in this place.
 C = Inter-level travel time spent in this place.
 D = Time resting spent in this place.
 E = Time spent auto-exploring this place.
 F = Levels seen in this place.
 G = Mean time per level.
                   A        B        C        D        E       F      G
               +--------+--------+--------+--------+--------+-----+--------+
         Total |     88 |     88 |      0 |      0 |      0 |   3 |   29.3 |
       Dungeon |     88 |     88 |      0 |      0 |      0 |   3 |   29.3 |
               +--------+--------+--------+--------+--------+-----+--------+

Top non-repeatable levels by time:
     D:2: 66 daAuts
     D:1: 21 daAuts
     D:3: 1 daAuts
